 Dungeon Crawl Stone Soup version 0.17.0-24-gcfadda4 (webtiles) character file.

352 septik the Cudgeler (level 6, -10/39 HPs)
             Began as a Gargoyle Fighter on Nov 16, 2015.
             Killed by divine providence
             ... invoked by an orc priest
              (17 damage)
             ... on level 4 of the Dungeon.
             The game lasted 00:05:20 (2984 turns).

septik the Cudgeler (Gargoyle Fighter)              Turns: 2984, Time: 00:05:20

Health: -10/39     AC: 11    Str: 21    XL:     6   Next: 61%
Magic:  6/6        EV:  7    Int:  9    God:
Gold:   168        SH: 10    Dex: 11    Spells: 0 memorised, 5 levels left

rFire  . . .     SeeInvis .     a - +0 flail
rCold  . . .     Clarity  .     b - +0 scale mail
rNeg   + . .     SustAt   .     c - +0 shield
rPois  ∞         Gourm    .     (no helmet)
rElec  +         Spirit   .     (no cloak)
rCorr  .         Warding  .     (no gloves)
rMut   .         Stasis   .     (no boots)
MR     .....                    (no amulet)
Stlth  ..........               h - +5 ring of slaying
                                u - +2 ring of strength

@: not resistant to hostile enchantments, extremely unstealthy
A: negative energy resistance 1, electricity resistance, unbreathing,
petrification resistance, rot immunity, AC +4
a: no special abilities


You were on level 4 of the Dungeon.
You were not hungry.

You visited 1 branch of the dungeon, and saw 4 of its levels.

You collected 168 gold pieces.

Inventory:

Hand Weapons
 a - a +0 flail (weapon)
Armour
 b - a +0 scale mail (worn)
 c - a +0 shield (worn)
 v - a +0 helmet
Jewellery
 h - a +5 ring of slaying (right hand)
 i - an uncursed ring of sustain attributes
 u - a +2 ring of strength (left hand)
Scrolls
 f - 4 scrolls of fear {unknown}
 g - 5 scrolls of identify {unknown}
 j - 2 scrolls of enchant weapon {unknown}
 k - 2 scrolls of teleportation {unknown}
 o - 2 scrolls of remove curse {unknown}
 q - a scroll of immolation {unknown}
 s - a scroll of enchant armour {unknown}
Potions
 d - 2 potions of might
 l - 2 potions of flight {unknown}
 m - a potion of curing {unknown}
 n - a potion of brilliance {unknown}
 t - a potion of degeneration {unknown}
Comestibles
 e - 3 bread rations
 p - a royal jelly
 w - 4 fruits


   Skills:
 + Level 4.4 Fighting
 * Level 4.6 Maces & Flails
 + Level 4.5 Armour
 + Level 4.6 Shields


You had 5 spell levels left.
You didn't know any spells.

Dungeon Overview and Level Annotations

Branches:
Dungeon (4/15)
 Temple: D:4-7

Altars:
Trog

Annotations:
D:4 Grinder


Innate Abilities, Weirdness & Mutations

You are resistant to torment.
Your stone body is resilient (AC +4).
You are immune to poison.
You resist negative energy.
You are resistant to electric shocks.
You can survive without breathing.
You are immune to petrification.
You are immune to rotting.


Message History

You barely miss Grinder. Grinder gestures at you.
Pain shoots through your body!
You completely miss Grinder. Grinder hits you but does no damage.
An orc priest comes into view. It is wielding a club.
The orc priest shouts!
You sock Grinder!
Grinder is moderately wounded.
Grinder says, "Are you a fish?"
Grinder gestures.
Grinder blinks!
The orc priest mumbles some strange prayers to Beogh against you.
Something smites you!
* * * LOW HITPOINT WARNING * * *
Grinder says, "Just stop there for a second..."
Grinder gestures at you. You resist with significant effort.
The orc priest calls down the wrath of Beogh upon you.
Something smites you!
You die...

... .. .5## ..#
#......# #o#
##......# #.##
.......# #..#
#......# ##.####
#......# ##..@..##
#......###
#.......####.........
##.............<.....
####################


You could see Grinder and an orc priest.

Vanquished Creatures
  The ghost of Statics the Sneak, an amateur OpTm of Cheibriados (D:4)
  The ghost of Statics the Insei, a weakling OpTm (D:3)
  A hound (D:3)
  Ijyb (D:2)
  A centaur skeleton (D:3)
  A worker ant (D:4)
  2 adders (D:2)
  4 worms
  An orc (D:3)
  A ball python (D:3)
  5 giant cockroaches
  8 hobgoblins
  7 jackals (D:2)
  A quokka (D:4)
  8 bats
  3 giant geckos
  2 giant newts (D:1)
  5 goblins
  7 kobolds
  7 rats
  A fungus (D:3)
68 creatures vanquished.

Vanquished Creatures (others)
  A fungus (D:3)
1 creature vanquished.

Grand Total: 69 creatures vanquished

Notes
Turn   | Place    | Note
--------------------------------------------------------------
     0 | D:1      | septik the Gargoyle Fighter began the quest for the Orb.
     0 | D:1      | Reached XP level 1. HP: 14/14 MP: 1/1
   204 | D:1      | Reached XP level 2. HP: 19/19 MP: 2/2
   697 | D:1      | Reached XP level 3. HP: 21/23 MP: 3/3
  1119 | D:2      | Noticed Ijyb
  1146 | D:2      | Killed Ijyb
  1146 | D:2      | Reached skill level 4 in Shields
  1146 | D:2      | Reached XP level 4. HP: 21/29 MP: 4/4
  2219 | D:3      | Reached XP level 5. HP: 27/33 MP: 5/5
  2329 | D:3      | Noticed a hungry ghost
  2369 | D:3      | Found a bloodstained altar of Trog.
  2585 | D:3      | Noticed Statics's ghost (weakling OpTm)
  2592 | D:3      | Killed Statics's ghost
  2796 | D:4      | Noticed Statics's ghost (amateur OpTm)
  2811 | D:4      | Killed Statics's ghost
  2811 | D:4      | Reached XP level 6. HP: 18/39 MP: 6/6
  2976 | D:4      | Noticed Grinder
  2984 | D:4      | Killed from afar by an orc priest

Action                   |  1- 3 |  4- 6 || total
-------------------------+-------+-------++-------
Melee: Flail             |   153 |   137 ||   290
  Eat: Chunk             |     1 |     6 ||     7
       Bread ration      |       |     2 ||     2
